Map: Blackpink LE

Players

Kelazhur - Winner!

  • Race: Terran Terran
  • League: Master
  • Spawn Location: 7:00

JonSnow

  • Race: Zerg Zerg
  • League: Grandmaster
  • Spawn Location: 1:00

VOD

Have the link to the VOD?

Description

Time

  • Played on: Dec. 23, 2017, 6:54 p.m.
  • Length: 11:04
Show
View Real Time Build Order
Export as new Build Order

Kelazhur Terran - Winner!

Build Orders: Bio Tank 

Get SALT Encoding   

  12  0:00  SCV  
  13  0:12  SCV  
  14  0:16  Supply Depot  
  14  0:25  SCV  
  15  0:38  SCV  
  15  0:40  Barracks  
  16  0:44  Refinery  
  16  0:50  SCV  
  17  1:02  SCV  
  18  1:14  SCV  
  19  1:27  Orbital Command, Marine  
  20  1:39  Command Center  
  20  1:44  Marine  
  21  1:50  Supply Depot  
  21  1:55  SCV  
  22  2:06  Factory  
  22  2:09  Barracks Reactor  
  22  2:11  SCV  
  23  2:23  SCV  
  24  2:35  SCV  
  25  2:47  SCV  
  25  2:56  Hellion x2, Barracks Tech Lab  
  29  3:01  SCV  
  30  3:05  Orbital Command  
  30  3:07  Engineering Bay  
  30  3:13  SCV  
  30  3:18  Hellion x2  
  34  3:27  Command Center  
  34  3:33  SCV  
  35  3:35  SCV  
  35  3:37  Stimpack  
  35  3:38  Marine  
  37  3:45  SCV  
  38  3:49  SCV  
  39  3:55  Supply Depot  
  39  3:57  SCV  
  39  3:59  Barracks  
  39  4:00  Barracks  
  40  4:03  Factory Reactor  
  40  4:05  SCV  
  40  4:09  Marine, SCV  
  43  4:17  SCV  
  43  4:19  Engineering Bay  
  43  4:22  SCV  
  45  4:24  Engineering Bay  
  45  4:30  SCV  
  46  4:31  Marine  
  46  4:33  Supply Depot  
  46  4:34  SCV  
  46  4:36  Refinery  
  46  4:37  Refinery  
  48  4:40  Orbital Command  
  48  4:42  SCV  
  49  4:48  Terran Infantry Weapons Level 1  
  49  4:56  Supply Depot, SCV x2  
  51  5:01  Marine x2  
  51  5:03  Marine  
  51  5:04  Terran Infantry Armor Level 1  
  54  5:08  Starport, SCV x2  
  54  5:13  SCV, Refinery  
  55  5:16  Marine  
  54  5:21  SCV  
  54  5:22  Marine x3, SCV  
  54  5:23  Marine  
  54  5:25  SCV  
  54  5:27  Factory Reactor  
  61  5:33  SCV  
  61  5:34  Marine, SCV  
  64  5:35  Supply Depot  
  64  5:39  Supply Depot  
  64  5:40  Marine x2  
  64  5:42  Combat Shields  
  66  5:46  Marine x2  
  66  5:48  SCV x2  
  71  5:53  Marine  
  71  5:58  Marine  
  71  6:00  SCV  
  71  6:01  SCV, Barracks x2  
  74  6:06  Medivac x2  
  78  6:11  Armory  
  78  6:12  Marine x3  
  78  6:14  Orbital Command, Factory Tech Lab  
  78  6:16  Marine  
  78  6:18  SCV x2  
  84  6:23  Supply Depot  
  84  6:30  SCV x2  
  84  6:31  Marine x3  
  84  6:32  Marine  
  90  6:34  Siege Tank  
  90  6:37  Supply Depot  
  93  6:42  Medivac, SCV x2  
  97  6:48  Medivac  
  97  6:50  SCV  
  100  6:54  Supply Depot  
  100  6:56  Supply Depot  
  100  6:59  Barracks Reactor x2  
  100  7:02  SCV  
  100  7:03  SCV x2  
  100  7:06  Terran Infantry Weapons Level 2  
  100  7:07  Refinery  
  103  7:12  Medivac  
  103  7:15  Marine x2, SCV x2  
  107  7:18  Supply Depot  
  107  7:20  Supply Depot, SCV  
  107  7:22  Siege Tank  
  113  7:25  Marine  
  113  7:26  Marine x2  
  113  7:27  SCV x2  
  118  7:33  SCV  
  119  7:37  Medivac  
  119  7:39  SCV x2  
  119  7:42  Medivac  
  119  7:43  Supply Depot  
  125  7:44  Marine x2  
  125  7:45  Marine x3, SCV, Marauder  
  125  7:46  Supply Depot, Marine  
  125  7:47  Marine  
  135  7:53  Missile Turret  
  135  7:54  Siege Tank  
  138  8:04  Supply Depot  
  138  8:05  Supply Depot, Marine x3  
  141  8:07  Marine x3  
  141  8:08  Terran Infantry Armor Level 2  
  141  8:11  Supply Depot  
  143  8:22  Marine  
  144  8:28  Siege Tank, Medivac x2  
  144  8:30  Marine  
  144  8:31  Marine x7, Refinery  
  144  8:32  Supply Depot  
  159  8:40  Marine  
  157  8:44  Barracks  
  157  8:45  Barracks  
  157  8:48  Marine  
  157  8:49  Marauder  
  157  8:51  Factory  
  160  8:56  Marine  
  160  8:57  Marine x6  
  160  9:01  Siege Tank  
  170  9:06  Marine  
  171  9:10  Marine  
  171  9:14  Marine  
  171  9:25  Command Center  
  171  9:28  Marauder  
  171  9:29  Marine  
  171  9:30  Marine x6  
  174  9:32  Marine  
  174  9:34  Siege Tank  
  174  9:35  Factory Tech Lab  
  174  9:37  Barracks Tech Lab, Barracks Reactor  
  177  9:47  Marine  
  177  9:48  Marine  
  177  9:50  Marauder  
  177  9:51  Medivac  
  177  9:52  Medivac  
  161  9:53  Siege Tank  
  161  9:54  Marine  
  161  9:55  Marine x6  
  162  10:05  Marine x2  
  163  10:11  Marauder  
  163  10:14  Siege Tank  
  163  10:16  Marauder  
  163  10:18  Marine x8  
  176  10:21  Medivac  
  176  10:22  Medivac  
  176  10:23  Marine  
  181  10:37  Marine  
Show
View Real Time Build Order
Export as new Build Order

JonSnow Zerg 

Build Orders: Pool First 

Get SALT Encoding   

  12  0:00  Drone  
  13  0:13  Overlord  
  13  0:17  Drone  
  14  0:31  Drone x2  
  16  0:36  Drone  
  17  0:45  Spawning Pool  
  17  0:48  Drone  
  17  1:09  Hatchery  
  16  1:11  Drone  
  17  1:28  Extractor  
  17  1:32  Queen, Zergling x6  
  21  1:42  Overlord  
  21  1:57  Drone  
  22  2:11  Drone  
  22  2:12  Queen  
  25  2:17  Drone  
  25  2:21  Queen  
  28  2:24  Drone  
  28  2:25  Drone  
  30  2:34  Drone  
  30  2:36  Drone  
  31  2:46  Drone x4  
  31  2:47  Metabolic Boost  
  34  2:55  Drone x2  
  36  3:04  Overlord  
  36  3:22  Queen x2  
  36  3:25  Hatchery  
  39  3:33  Zergling x2  
  39  3:34  Zergling x8  
  44  3:38  Overlord  
  43  3:51  Overlord  
  43  3:58  Overlord  
  43  3:59  Drone x7  
  43  4:01  Drone  
  51  4:06  Overlord  
  51  4:14  Lair  
  51  4:20  Drone x3  
  51  4:23  Extractor x2  
  52  4:26  Baneling Nest, Zergling x4  
  53  4:36  Zergling x12  
  59  4:41  Drone x3  
  62  4:51  Overlord  
  62  4:54  Drone x2  
  62  4:56  Drone  
  64  5:01  Drone  
  64  5:02  Drone  
  64  5:06  Evolution Chamber  
  64  5:07  Evolution Chamber, Drone  
  62  5:16  Drone x5  
  62  5:17  Drone  
  62  5:18  Baneling x3  
  62  5:21  Drone x2  
  70  5:22  Drone  
  71  5:30  Drone x2  
  71  5:31  Centrifical Hooks  
  71  5:34  Overlord  
  73  5:37  Drone x3  
  76  5:45  Drone x2  
  76  5:46  Drone x4  
  76  5:49  Zerg Melee Weapons Level 1  
  81  5:59  Zerg Ground Armor Level 1  
  81  6:03  Hydralisk Den, Extractor x2, Drone x5  
  83  6:04  Extractor, Drone  
  83  6:11  Overlord  
  83  6:17  Zergling x8  
  87  6:20  Baneling x3  
  87  6:21  Overseer  
  87  6:24  Drone x4  
  87  6:25  Hatchery  
  90  6:33  Zergling x10  
  90  6:35  Muscular Augments  
  90  6:38  Drone  
  90  6:39  Infestation Pit  
  94  6:47  Hatchery  
  94  6:50  Hydralisk x3  
  99  6:57  Hydralisk x3  
  105  7:04  Overlord x3  
  105  7:06  Baneling x4  
  105  7:19  Spore Crawler  
  105  7:20  Hive  
  105  7:21  Overlord x3  
  104  7:30  Overlord  
  104  7:31  Baneling x6  
  104  7:34  Zergling x16  
  112  7:39  Drone x4  
  112  7:43  Drone  
  117  7:49  Drone x5  
  117  7:50  Drone  
  123  7:53  Overlord  
  123  7:54  Zerg Melee Weapons Level 2  
  122  8:01  Zergling x16  
  127  8:06  Zergling x2  
  127  8:07  Zergling x4  
  127  8:10  Hydralisk x2  
  127  8:11  Zergling x4  
  135  8:17  Hydralisk  
  135  8:18  Hydralisk x2  
  135  8:19  Zergling x2  
  142  8:24  Overlord x2  
  142  8:27  Zerg Ground Armor Level 2  
  141  8:39  Viper x2  
  143  8:44  Ultralisk Cavern  
  143  8:47  Drone x2  
  143  8:48  Drone  
  145  8:49  Zergling x24  
  145  8:55  Baneling x4  
  157  8:56  Baneling x2  
  157  8:57  Zergling x12  
  162  9:03  Zergling x12  
  162  9:07  Baneling  
  162  9:08  Baneling x3  
  168  9:10  Zergling x2  
  168  9:11  Zergling x8  
  171  9:19  Zergling x6  
  171  9:20  Baneling x3  
  171  9:21  Baneling  
  163  9:24  Zergling x8  
  163  9:29  Hydralisk  
  150  9:31  Chitinous Plating  
  150  9:34  Zergling x2, Ultralisk x2  
  150  9:38  Zergling x8  
  158  9:46  Zergling x16  
  158  9:52  Ultralisk  
  152  9:53  Zergling x2  
  152  9:56  Zergling x6  
  137  10:00  Zergling x2  
  137  10:06  Ultralisk  
  135  10:07  Zergling x8  
  135  10:10  Zergling x2  
  131  10:18  Ultralisk  
  131  10:21  Baneling x3  
  128  10:22  Zergling x8  
  128  10:24  Baneling x3  
  131  10:28  Zergling x2  
  131  10:29  Zergling x6  
  120  10:43  Zergling x6  
  120  10:45  Zergling x2  
Tags
 
Add a new tag
Caveats
  • Supply blocks, unpowered buildings, or Contaminate may cause inaccurate times.
  • Supply counts are checked every 10 seconds.